 Dungeon Crawl Stone Soup version 0.19.5 (webtiles) character file.

97 JeffiDaFish the Ducker (level 4, -1/21 HPs)
             Began as a Spriggan Conjurer on Sept 12, 2017.
             Slain by Natasha (8 damage)
             ... on level 2 of the Dungeon.
             The game lasted 00:08:12 (2189 turns).

JeffiDaFish the Ducker (Spriggan Conjurer)          Turns: 2189, Time: 00:08:12

Health: -1/21      AC:  2    Str:  4      XL:     4   Next: 42%
Magic:  5/10       EV: 19    Int: 16 (17) God:
Gold:   64         SH:  0    Dex: 16      Spells: 3 memorised, 4 levels left

rFire  . . .     SeeInvis +     d - +0 dagger
rCold  + . .     Gourm    .     a - +0 robe
rNeg   . . .     Faith    +     (shield restricted)
rPois  .         Spirit   .     (helmet restricted)
rElec  .         Reflect  .     (no cloak)
rCorr  .         Harm     .     (gloves unavailable)
MR     .....                    (boots unavailable)
Stlth  +++.......               e - amulet of faith
                                (no ring)
                                g - ring of protection from cold

@: slowed, quick
A: unfitting armour, horns 1, see invisible, herbivore 3, speed 3, slow
metabolism 2
a: no special abilities


You were on level 2 of the Dungeon.
You were not hungry.

You visited 1 branch of the dungeon, and saw 2 of its levels.

You collected 64 gold pieces.

Inventory:

Hand Weapons
 d - a +0 dagger (weapon)
Armour
 a - a +0 robe (worn)
Jewellery
 e - an amulet of faith (around neck)
 g - a ring of protection from cold (left hand)
Scrolls
 h - a scroll of identify
 i - a scroll of remove curse
Books
 b - a book of Conjurations

   Spells                             Type                      Level
   a - Magic Dart                     Conjuration                  1
   b - Searing Ray                    Conjuration                  2
   c - Dazzling Spray                 Conjuration/Hexes            3
   d - Fulminant Prism                Conjuration/Hexes            4
   e - Iskenderun's Mystic Blast      Conjuration                  4
   f - Iskenderun's Battlesphere      Conjuration/Charms           5
Comestibles
 c - 3 bread rations
 f - a slice of pizza


   Skills:
 + Level 0.9 Short Blades
 * Level 3.9 Dodging
 + Level 3.6 Stealth
 * Level 3.6 Spellcasting
 + Level 3.6 Conjurations
 + Level 0.2 Hexes


You had 4 spell levels left.
You knew the following spells:

 Your Spells              Type           Power        Failure   Level  Hunger
a - Magic Dart            Conj           ##..         4%          1    None
b - Searing Ray           Conj           ##....       8%          2    ##.....
c - Dazzling Spray        Conj/Hex       #.....       28%         3    ###....


Dungeon Overview and Level Annotations

Branches:
Dungeon (2/15)

Altars:

Annotations:
D:2 Natasha


Innate Abilities, Weirdness & Mutations

You are very small and have problems with some larger weapons.
You are too small for most types of armour.
You have supernaturally acute eyesight. (SInv)
You are a herbivore.
You cover ground extremely quickly.
You need consume almost no food.
You have a pair of small horns on your head.


Message History

Aim: Natasha (moderately wounded, blind, hasn't noticed you)
The magic dart hits Natasha.
Natasha is severely wounded.
Natasha misses you.
Casting: Magic Dart
Confirm with . or Enter, or press ? or * to list all spells.
Aiming: Magic Dart
Press: ? - help, Shift-Dir - straight line, f/p - Natasha
Aim: Natasha (severely wounded, blind)
The magic dart hits Natasha.
Natasha is severely wounded.
Natasha casts a spell at you.
You feel yourself slow down.
You completely miss Natasha. Your headbutt misses Natasha.
Natasha is severely wounded.
Natasha is no longer blind.
Natasha claws you!
You hit Natasha.
Natasha is severely wounded.
Natasha misses you. Natasha claws you!
You die...

.........# #.#.#........#.#......
.........###.#...#####..#.#######
.(......†....#.....# #..#.#
.........#####..†..# #[.#.#
............##..<..# #..#.#
.........##.##.....# #..#.#
.........##.##.....# #..#.#
.........##.##.....# #.h#.#
.........##.##..@..# #..#.#
............##..h..# #..#.#
##############.......#..#.#
#.......#..#†# #.......#..#.#
#.####..#$.#.# #. #.#..#.# #+
####.#..#.# ........#.######


You could see Natasha.

Vanquished Creatures
  Natasha (D:2)
  3 adders (D:2)
  A worm (D:2)
  2 dart slugs (D:1)
  3 leopard geckos
  4 bats
  2 goblins (D:1)
  5 hobgoblins
  5 kobolds
  A quokka (D:2)
  3 frilled lizards
  9 rats
39 creatures vanquished.

Notes
Turn   | Place    | Note
-------+----------+-------------------------------------------
     0 | D:1      | JeffiDaFish the Spriggan Conjurer began the quest for the Orb.
     0 | D:1      | Reached XP level 1. HP: 9/9 MP: 5/5
   154 | D:1      | Reached XP level 2. HP: 13/13 MP: 0/6
   287 | D:1      | Gained mutation: You have a pair of small horns on your head. [potion of beneficial mutation]
   291 | D:1      | Learned a level 2 spell: Searing Ray
   675 | D:1      | Reached XP level 3. HP: 15/16 MP: 0/8
  1442 | D:2      | Learned a level 3 spell: Dazzling Spray
  1684 | D:2      | Reached XP level 4. HP: 21/21 MP: 7/10
  1801 | D:2      | Noticed Natasha
  1819 | D:2      | HP: 1/21 [Natasha/magic dart (7)]
  2101 | D:2      | Killed Natasha
  2149 | D:2      | Noticed Natasha
  2189 | D:2      | Slain by Natasha

Skill      XL: |  1  2  3 |
---------------+----------+-----
Conjurations   | 3 |  3.6
Spellcasting   | 3 |  3.6
Short Blades   | |  0.9
Dodging        | |  3.9
Stealth        | |  3.6
Hexes          | |  0.2

Action                   |  1- 3 |  4- 6 || total
-------------------------+-------+-------++-------
Melee: Unarmed           |     4 |       ||     4
       Dagger            |    33 |     4 ||    37
       Headbutt          |     3 |     1 ||     4
 Cast: Magic Dart        |    59 |    17 ||    76
       Searing Ray       |     5 |     4 ||     9
       Dazzling Spray    |       |     2 ||     2
  Use: Potion            |     6 |       ||     6
       Scroll            |     5 |       ||     5
 Stab: Sleeping          |     1 |       ||     1
Armor: Robe              |     2 |       ||     2
Dodge: Dodged            |    42 |     6 ||    48
